 Dungeon Crawl Stone Soup version 0.28.0 (webtiles) character file.

Game seed: 5106618930167486304

336 Hasart the Slasher (level 6, 0/51 HPs)
             Began as a Demigod Fighter on Feb 15, 2022.
             Slain by Grinder (3 damage)
             ... on level 3 of the Dungeon.
             The game lasted 00:04:46 (3354 turns).

Hasart the Slasher (Demigod Fighter)                Turns: 3354, Time: 00:04:48

Health: 0/51       AC:  8    Str: 22 (25) XL:     6   Next: 6%
Magic:  8/8        EV: 10    Int:  8 (10) God:
Gold:   91         SH:  4    Dex: 10 (13) Spells: 5/5 levels left

rFire   . . .      SeeInvis .   n - +0 dagger (venom)
rCold   . . .      Faith    .   c - +0 buckler
rNeg    . . .      Spirit   .   b - +0 scale mail
rPois   +          Reflect  .   f - +0 helmet
rElec   .          Harm     .   (no cloak)
rCorr   .          Rampage  .   (no gloves)
Will    .....                   (no boots)
Stlth   ..........              (no amulet)
HPRegen 0.17/turn               i - ring of poison resistance
MPRegen 0.11/turn               (no ring)

@: no status effects
A: high MP 1, forlorn, divine attributes
a: no special abilities


You were on level 3 of the Dungeon.
You visited 1 branch of the dungeon, and saw 4 of its levels.

You collected 91 gold pieces.

Inventory:

Hand Weapons
 a - a +0 long sword
 n - a +0 dagger of venom (weapon)
Armour
 b - a +0 scale mail (worn)
 c - a +0 buckler (worn)
 f - a +0 helmet (worn)
Jewellery
 i - a ring of poison resistance (left hand)
Scrolls
 e - 3 scrolls of identify {unknown}
 j - a scroll of teleportation {unknown}
 k - a scroll of acquirement {unknown}
 l - a scroll of silence {unknown}
 m - a scroll of amnesia {unknown}
Potions
 d - a potion of might
 g - a potion of haste {unknown}
 h - a potion of brilliance {unknown}
 o - a potion of curing {unknown}
 p - a potion of degeneration
 q - a potion of attraction {unknown}


   Skills:
 + Level 3.5 Fighting
 * Level 3.9 Long Blades
 + Level 3.5 Armour
 + Level 2.0 Dodging
 + Level 3.5 Shields


You had 5 spell levels left.
You didn't know any spells.
Your spell library contained the following spells:

 Spells                   Type           Power      Damage    Failure   Level
 Frozen Ramparts          Ice            0%         1d2       99%         3
 Ice Form                 Ice/Tmut       0%         N/A       100%        4
 Summon Ice Beast         Ice/Summ       0%         N/A       100%        4


Dungeon Overview and Level Annotations

Branches:
Dungeon (4/15)
 Temple: D:4-7

Shops:
D:3 [

Annotations:
D:3 Grinder


Innate Abilities, Weirdness & Mutations

You have an increased reservoir of magic. (+10% MP)
You shall have no god before yourself.
Your divine heritage dramatically boosts your attributes as you level up.


Message History

Grinder blinks!
You hit Grinder.
Grinder looks even sicker.
Grinder is severely wounded.
Grinder gestures at you. You resist with some effort.
You hit Grinder.
Grinder is severely wounded.
Grinder barely misses you.
You hit Grinder but do no damage.
Grinder is severely wounded.
You block Grinder's attack.
You hit Grinder but do no damage.
Grinder is severely wounded.
Grinder closely misses you.
You closely miss Grinder.
Grinder is severely wounded.
Grinder gestures at you.
You suddenly lose the ability to move!
Grinder hits you.
You writhe in agony.
Grinder says, "Mostly I couldn't keep them alive."
Grinder hits you.
You writhe in agony.
Grinder hits you but does no damage. x2
Grinder hits you.
* * * LOW HITPOINT WARNING * * *
You writhe in agony.
* * * LOW HITPOINT WARNING * * *
You can move again.
Unknown command.
Unknown command.
You barely miss Grinder.
Grinder is severely wounded.
Grinder hits you.
* * * LOW HITPOINT WARNING * * *
It was a potion of degeneration.
There was something very wrong with that liquid.
You feel weakened.
You feel dopey.
You feel clumsy. Grinder hits you.
* * * LOW HITPOINT WARNING * * *
You writhe in agony.
You die...

#.#..........####.....
#.#.....##............
#.#..#..##............
#.#.....(......##.....
#......###....###.....
###..### #...## #.####
#....###...####.#
#.5.............#
##.@.#####5###### ##.##
##...## ####.# ##.....## #
##.##.###.......## ##
###.^.#.##.........####(
#.......∩+.........'....
##.#....#.##.........####.
#.###.....###.......## ##
#.#.###### ##.....## #


You could see Grinder (poisoned).

Vanquished Creatures
  4 howler monkeys (D:4)
  2 hounds (D:4)
  4 adders
  A gnoll (D:4)
  2 worms
  3 dart slugs
  3 orcs (D:3)
  2 ball pythons
  7 endoplasms
  3 goblins
  7 hobgoblins
  11 jackals
  4 kobolds
  8 bats
  2 frilled lizards
  2 rats
65 creatures vanquished.

Vanquished Creatures (others)
  3 fungi (D:2)
  3 plants
6 creatures vanquished.

Grand Total: 71 creatures vanquished

Notes
Turn   | Place    | Note
-------+----------+-------------------------------------------
     0 | D:1      | Hasart the Demigod Fighter began the quest for the Orb.
     0 | D:1      | Reached XP level 1. HP: 18/18 MP: 3/3
   316 | D:1      | Reached XP level 2. HP: 25/25 MP: 4/4
  1330 | D:2      | Reached XP level 3. HP: 25/30 MP: 5/5
  1816 | D:3      | Reached skill level 1 in Dodging
  2093 | D:3      | Reached XP level 4. HP: 21/38 MP: 6/6
  2289 | D:3      | Found Fidghot Dabo's Antique Armour Boutique.
  2640 | D:3      | Noticed Grinder
  2860 | D:4      | Reached XP level 5. HP: 44/45 MP: 7/7
  3035 | D:4      | Reached XP level 6. HP: 36/51 MP: 8/8
  3332 | D:3      | Paralysed by Grinder for 2 turns
  3347 | D:3      | Paralysed by Grinder for 5 turns
  3354 | D:3      | Slain by Grinder

Illustrated notes

Levels and vault maps discovered:
D:1:      wheals_arrival_linesprint, layout_basic
D:2:      layout_rooms, dreamdust_ecumenical_altar_grove
D:3:      layout_loops_corners, nzn_wu_jian_council_hall,
          mainiacjoe_overflow_catwalk, nicolae_overflow_hidden_temple,
          zin_academy, mainiacjoe_overflow_divided_tiny, serial_shops, shop,
          minmay_misc_feat_hallway, grunt_ministairs_5, uniq_grinder,
          uniq_terence
D:4:      lemuel_castle_with_subvaults [lemuel_castle_interior_carwin_3],
          layout_basic, okawaru_altar_gauntlet_db

Skill      XL: |  1  2  3  4  5 |
---------------+----------------+-----
Long Blades    | 2 3 |  3.9
Shields        | 3 |  3.5
Armour         | 3 |  3.5
Fighting       | 3 |  3.5
Dodging        | 1 2 |  2.0

Action                   |  1- 3 |  4- 6 || total
-------------------------+-------+-------++-------
Melee: Long sword        |   138 |     5 ||   143
       Dagger            |       |   118 ||   118
  Use: Potion            |       |     1 ||     1
Armor: Scale mail        |    77 |    67 ||   144
Dodge: Dodged            |    76 |    52 ||   128
Block: Buckler           |    35 |    36 ||    71
